 Dungeon Crawl Stone Soup version 0.27.1-33-g824d729ab1 (webtiles) character file.

Game seed: 2224541808382853137

35 zeram the Conjurer (level 3, -1/26 HPs)
             Began as a Demigod Conjurer on Dec 11, 2021.
             Slain by a worm (11 damage)
             ... on level 2 of the Dungeon.
             The game lasted 00:02:48 (2177 turns).

zeram the Conjurer (Demigod Conjurer)               Turns: 2177, Time: 00:02:49

Health: -1/26      AC:  2    Str:  8    XL:     3   Next: 2%
Magic:  8/8        EV: 12    Int: 24    God:
Gold:   15         SH:  0    Dex: 12    Spells: 2/5 levels left

rFire    . . .     SeeInvis .   b - +0 whip
rCold    . . .     Faith    .   (no shield)
rNeg     . . .     Spirit   .   a - +0 robe
rPois    .         Reflect  .   (no helmet)
rElec    .         Harm     .   (no cloak)
rCorr    .         Rampage  .   (no gloves)
Will     .....                  (no boots)
Stlth    ++........             (no amulet)
HPRegen  0.08/turn              (no ring)
MPRegen  0.11/turn              (no ring)

@: no status effects
A: high mp 1, forlorn
a: no special abilities


You were on level 2 of the Dungeon.
You visited 1 branch of the dungeon, and saw 2 of its levels.

You collected 15 gold pieces.

Inventory:

Hand Weapons
 b - a +0 whip (weapon)
 e - a +1 dagger of freezing
Armour
 a - a +0 robe (worn)
Jewellery
 c - a ring of positive energy
Scrolls
 d - 2 scrolls of teleportation {unknown}
Potions
 f - a potion of lignification {unknown}
 g - a potion of curing {unknown}


   Skills:
 + Level 2.1 Dodging
 - Level 1.7 Stealth
 - Level 1.7 Spellcasting
 + Level 4.4 Conjurations


You had 2 spell levels left.
You knew the following spells:

 Your Spells              Type           Power      Damage    Failure   Level
a - Magic Dart            Conj           92%        1d7       1%          1
b - Searing Ray           Conj           46%        3d4       3%          2

Your spell library contained the following spells:

 Spells                   Type           Power      Damage    Failure   Level
 Dazzling Flash           Conj/Hex       24%        N/A       16%         3
 Fulminant Prism          Conj/Hex       6%         3d7       45%         4
 Iskenderun's Mystic Bla  Conj/Tloc      12%        2d5       45%         4


Dungeon Overview and Level Annotations

Branches:
Dungeon (2/15)


Innate Abilities, Weirdness & Mutations

Your attributes grow dramatically as you level up.
You have an increased reservoir of magic. (+10% MP)
You shall have no god before yourself.


Message History

You climb downwards.
There is a stone staircase leading up here.
You hit the worm.
The worm is moderately wounded.
The worm bites you.
You hit the worm.
The worm is heavily wounded.
The worm bites you.
You barely miss the worm.
The worm is heavily wounded.
You completely miss the worm.
The worm is heavily wounded.
The worm bites you!
You are too injured to fight recklessly!
You are too injured to fight recklessly!
You are too injured to fight recklessly!
You are too injured to fight recklessly!
You are too injured to fight recklessly!
You are too injured to fight recklessly!
You are too injured to fight recklessly!
You are too injured to fight recklessly!
You are too injured to fight recklessly!
You are too injured to fight recklessly!
You are too injured to fight recklessly!
You are too injured to fight recklessly!
You are too injured to fight recklessly!
You are too injured to fight recklessly!
You are too injured to fight recklessly!
You are too injured to fight recklessly!
You are too injured to fight recklessly!
You are too injured to fight recklessly!
You are too injured to fight recklessly!
You are too injured to fight recklessly!
You are too injured to fight recklessly!
You are too injured to fight recklessly!
You are too injured to fight recklessly!
You hit the worm.
The worm is heavily wounded.
The worm bites you!
You die...

# #######....[.....†....#
#. #..############.## ##
..#### #..# #...
...#....# #..# ####
##...##.####..#
#.............#
#.#.###.####.## #.#.# #.#
#<# #.#.###.####@#######.
#####.#........w.........
.....†..w..............##
..........).####.#####.#
###.#.#..#..# #.# #
#.#.#..#.......# #
#.#.#..##.###### #
#.#.#?.##.# . .......##.#


You could see a worm.

Vanquished Creatures
  A dart slug (D:2)
  A ball python (D:1)
  2 endoplasms
  3 giant cockroaches
  5 goblins (D:1)
  A hobgoblin (D:2)
  2 jackals (D:1)
  2 kobolds (D:1)
  2 quokkas (D:1)
  5 bats
  A frilled lizard (D:1)
  5 rats
30 creatures vanquished.

Notes
Turn   | Place    | Note
-------+----------+-------------------------------------------
     0 | D:1      | zeram the Demigod Conjurer began the quest for the Orb.
     0 | D:1      | Reached XP level 1. HP: 14/14 MP: 5/5
   807 | D:1      | Reached skill level 4 in Conjurations
   859 | D:1      | Reached XP level 2. HP: 20/20 MP: 4/7
  1073 | D:1      | Learned a level 2 spell: Searing Ray
  1928 | D:2      | Reached XP level 3. HP: 14/26 MP: 5/8
  2177 | D:2      | Slain by a worm

Illustrated notes

Levels and vault maps discovered:
D:1:      eino_arrival_cavern_e, layout_loops_corners,
          minmay_misc_feat_four_crosses, fountainhead, minmay_misc_feat_enclosed
D:2:      layout_loops_ring, shapermc_ecumenical_altar_rom_forum

Skill      XL: |  1 |
---------------+----+-----
Dodging        | 2 |  2.1
Conjurations   | 4 |  4.4
Stealth        | |  1.7
Spellcasting   | |  1.7

Action                   || total
-------------------------++-------
Melee: Whip              ||    81
       Unarmed           ||     1
 Cast: Magic Dart        ||    31
       Searing Ray       ||     1
 Stab: Sleeping          ||     4
Armor: Robe              ||    18
Dodge: Dodged            ||    63
